 Dungeon Crawl Stone Soup version 0.14-a0-2432-g6b3afca (webtiles) character file.

3226 4tharraofdagon the Arsonist (level 9, -13/62 HPs)
             Began as a Demigod Fire Elementalist on Feb 4, 2014.
             Shot with an arrow by a centaur (15 damage)
             ... on Level 8 of the Dungeon.
             The game lasted 00:19:56 (2609 turns).

4tharraofdagon the Arsonist (DgFE)                  Turns: 2609, Time: 00:19:56

HP -13/62        AC  5     Str 11      XL: 9   Next: 29%
MP  19/24        EV 10     Int 25      God:
Gold 236         SH  8     Dex 17      Spells:  6 memorised,  1 level left

rFire  + . .     SeeInvis .     G - staff of fire
rCold  + . .     Clarity  .     L - +0 leather armour {rC+}
rNeg   . . .     Conserve .     V - +0 buckler
rPois  +         rCorr    .     (helmet restricted)
rElec  .         rRot     .     A - +0 elf cloak
SustAb + .       Spirit   .     w - +0 pair of elf gloves
rMut   .         Warding  .     (no boots)
Saprov . . .     Stasis   .     (no amulet)
MR     .....                    T - ring of poison resistance
                                h - ring of sustain abilities

@: not resistant to hostile enchantments, fairly stealthy
A: antennae 1
a: no special abilities


You were on level 8 of the Dungeon.
You were not hungry.

You visited 1 branch of the dungeon, and saw 8 of its levels.
You also visited: Sewer.

You collected 236 gold pieces.

Inventory:

Hand weapons
 e - a +0,+0 elven long sword
 x - a +2,+2 short sword of electrocution
 z - a +1,+0 flail of protection
 D - a +1 blowgun
Missiles
 E - 15 poisoned needles
Armour
 a - a +0 robe
 w - a +0 pair of elven gloves (worn)
 A - a +0 elven cloak (worn)
 L - a +0 leather armour of cold resistance (worn)
 V - a +0 buckler (worn)
Magical devices
 m - a wand of enslavement (8)
 J - a wand of slowing (12)
 O - a wand of fire (0)
 S - a wand of frost (12)
Comestibles
 c - 4 bread rations
 F - a pear
 Q - an apple
 U - 5 chunks of hippogriff flesh
Scrolls
 f - 2 scrolls of teleportation
 j - a scroll of enchant weapon I {unknown}
 l - a scroll of noise {unknown}
 n - a scroll of enchant armour {unknown}
 o - a scroll of curse armour {unknown}
 r - 2 scrolls of blinking {unknown}
 s - 2 scrolls of fear {unknown}
 u - a scroll of random uselessness {unknown}
 y - 2 scrolls of enchant weapon II {unknown}
 H - 5 scrolls of remove curse {unknown}
 N - a scroll of enchant weapon III {unknown}
 P - a scroll of recharging {unknown}
Jewellery
 h - a ring of sustain abilities (left hand)
 I - an uncursed amulet of resist mutation
 T - a ring of poison resistance (right hand)
Potions
 d - 2 potions of curing
 g - a potion of paralysis
 i - a potion of restore abilities {unknown}
 k - 2 potions of speed {unknown}
 p - 2 potions of invisibility {unknown}
 q - a potion of porridge
 t - 4 potions of flight {unknown}
 v - 3 potions of resistance {unknown}
 C - 2 potions of poison {unknown}
 K - a potion of might
 M - a potion of lignification
Books
 b - a book of Flames

   Spells                             Type                      Level
   *Flame Tongue                      Conjuration/Fire             1
   Throw Flame                        Conjuration/Fire             2
   *Conjure Flame                     Conjuration/Fire             3
   Inner Flame                        Hexes/Fire                   3
   *Sticky Flame                      Conjuration/Fire             4
   *Fireball                          Conjuration/Fire             5
 R - a book of Minor Magic

   Spells                             Type                      Level
   Magic Dart                         Conjuration                  1
   *Blink                             Translocation                2
   Call Imp                           Summoning                    2
   *Repel Missiles                    Charms/Air                   2
   Slow                               Hexes                        2
   *Conjure Flame                     Conjuration/Fire             3
   Mephitic Cloud                     Conjuration/Poison/Air       3
Magical staves
 G - an uncursed staff of fire (weapon)


   Skills:
 - Level 1.7 Dodging
 - Level 1.7 Stealth
 + Level 0.8 Shields
 + Level 5.2 Spellcasting
 * Level 7.4 Conjurations
 * Level 8.4 Fire Magic


You had one spell level left.
You knew the following spells:

 Your Spells              Type           Power        Failure   Level  Hunger
a - Flame Tongue          Conj/Fire      #####        1%          1    None
b - Conjure Flame         Conj/Fire      ######..     1%          3    ##.....
c - Sticky Flame          Conj/Fire      ######..     6%          4    ###....
d - Fireball              Conj/Fire      ######....   14%         5    #####..
e - Blink                 Tloc           N/A          21%         2    None
f - Repel Missiles        Chrm/Air       #.........   21%         2    None


Dungeon Overview and Level Annotations

Branches:
Dungeon (8/16)             Temple (0/1) D:7
   Lair: D:8-11

Shops:
D:5 /


Innate Abilities, Weirdness & Mutations

You have a pair of small antennae on your head.


Message History

The orc priest is lightly wounded.
The orc priest is covered in liquid flames!
The orc priest burns!
The centaur wields a bow.
The centaur shoots an arrow.
The arrow hits you!
The orc priest hits you but does no damage.
A scorpion comes into view.
The orc priest burns!
The orc priest calls down the wrath of Beogh upon you.
Something smites you!
* * * LOW HITPOINT WARNING * * *
Unknown command.
The orc priest burns!
The centaur shoots an arrow.
The arrow hits you!
* * * LOW HITPOINT WARNING * * *
You see here an arrow.
Unknown command.
Unknown command.
The orc priest burns!
You kill the orc priest!
The centaur shoots an arrow.
The arrow hits you!
You die...

.. ............. .
........c...... .
................. .
.................. #
#......o......... .
#.......).....# #..
##......o......# ... ...
..........(......#[..#
................@.......#..#
.........................#
.....................##.##
......................# #
.....................##
...................###
...............#....#
.............#..#####
.............#..#


You could see an orc warrior, a centaur and an orc.

Vanquished Creatures
  The ghost of wojtek the Covert, an experienced KoAs of Dithmengos (D:8)
  Pikel (D:6)
  A hippogriff (D:8)
  Edmund (D:6)
  A slave (D:6)
  2 sky beasts
  A centaur (D:6)
  An ogre (D:4)
  2 ice beasts (D:6)
  2 giant frogs
  A wyvern zombie (D:7)
  6 killer bees (D:8)
  2 crimson imps
  A quasit (D:8)
  An orc priest (D:8)
  7 iguanas
  A big fish (Sewer)
  A scorpion (D:7)
  5 worker ants
  3 orc wizards
  A crocodile zombie (D:8)
  A worker ant zombie (D:8)
  4 adders
  Natasha (twice) (D:6)
  3 giant mites
  3 worms
  An ufetubus (D:6)
  3 grey rats (D:3)
  2 giant eyeballs
  2 oozes (Sewer)
  8 orcs
  A bat skeleton (D:6)
  7 giant cockroaches
  5 goblins
  7 hobgoblins
  6 jackals
  5 kobolds
  A quokka (D:7)
  A ball python (D:4)
  12 bats
  2 giant geckos
  3 giant newts
  2 orc skeletons
  3 rats
126 creatures vanquished.

Vanquished Creatures (collateral kills)
  A giant frog skeleton (D:8)
1 creature vanquished.

Vanquished Creatures (others)
  A slave (D:6)
  Natasha (D:6)
2 creatures vanquished.

Grand Total: 129 creatures vanquished

Notes
Turn   | Place    | Note
--------------------------------------------------------------
     0 | D:1      | 4tharraofdagon, the Demigod Fire Elementalist, began the quest for the Orb.
     0 | D:1      | Reached XP level 1. HP: 14/14 MP: 3/3
    31 | D:1      | Reached skill level 1 in Conjurations
   265 | D:3      | Reached XP level 2. HP: 10/20 MP: 0/4
   336 | D:3      | Reached skill level 3 in Fire Magic
   404 | D:3      | Reached XP level 3. HP: 13/26 MP: 1/7
   409 | D:3      | Learned a level 3 spell: Conjure Flame
   551 | D:3      | Found a glowing drain.
   590 | Sewer    | Entered a sewer
   707 | Sewer    | Reached XP level 4. HP: 21/33 MP: 5/11
  1151 | D:4      | Noticed an ogre
  1174 | D:4      | Killed an ogre
  1174 | D:4      | Reached skill level 4 in Fire Magic
  1174 | D:4      | Reached XP level 5. HP: 38/38 MP: 2/12
  1216 | D:4      | Learned a level 4 spell: Sticky Flame
  1282 | D:5      | Entered Level 5 of the Dungeon
  1282 | D:5      | Found Wittuipt's Magical Wand Shop.
  1402 | D:6      | Noticed an ice beast
  1407 | D:6      | Killed an ice beast
  1407 | D:6      | Reached XP level 6. HP: 43/45 MP: 3/15
  1479 | D:5      | Found a glowing silver altar of Zin.
  1483 | D:5      | Found a sparkling altar of Nemelex Xobeh.
  1603 | D:6      | Noticed Edmund
  1627 | D:6      | Reached skill level 5 in Fire Magic
  1652 | D:6      | Killed Edmund
  1652 | D:6      | Reached XP level 7. HP: 17/50 MP: 6/19
  1709 | D:6      | Noticed a slave
  1737 | D:6      | Noticed Pikel
  1738 | D:6      | Noticed Natasha
  1738 | D:6      | Noticed a slave
  1738 | D:6      | Noticed a slave
  1751 | D:6      | Killed a slave
  1755 | D:6      | Noticed a slave
  1755 | D:6      | Killed Pikel
  1755 | D:6      | Reached skill level 5 in Conjurations
  1755 | D:6      | Reached skill level 6 in Fire Magic
  1759 | D:6      | Killed Natasha
  1781 | D:6      | Learned a level 5 spell: Fireball
  1832 | D:6      | Noticed an ice beast
  1838 | D:6      | Reached XP level 8. HP: 34/57 MP: 7/21
  1840 | D:6      | Killed a freed slave
  1841 | D:6      | Killed an ice beast
  1887 | D:6      | Noticed Natasha
  1897 | D:6      | Killed Natasha
  1904 | D:6      | Noticed Natasha
  1914 | D:6      | Killed Natasha
  1956 | D:6      | Noticed a sky beast
  1966 | D:6      | Killed a sky beast
  1998 | D:6      | Paralysed by a giant eyeball for 2 turns
  2132 | D:7      | Reached skill level 7 in Fire Magic
  2209 | D:7      | Found a staircase to the Ecumenical Temple.
  2339 | D:8      | Noticed wojtek's ghost (experienced KoAs)
  2358 | D:8      | Killed wojtek's ghost
  2358 | D:8      | Reached XP level 9. HP: 41/62 MP: 10/23
  2362 | D:8      | Learned a level 2 spell: Blink
  2365 | D:8      | Learned a level 2 spell: Repel Missiles
  2391 | D:8      | Reached skill level 8 in Fire Magic
  2391 | D:8      | Reached skill level 5 in Spellcasting
  2515 | D:8      | Gained mutation: You have a pair of small antennae on your head. [mutagenic meat]
  2551 | D:8      | Paralysed by a giant eyeball for 2 turns
  2608 | D:8      | HP: 1/62 [centaur/arrow (13)]
  2609 | D:8      | Shot with an arrow by a centaur

Action                   |  1- 3 |  4- 6 |  7- 9 || total
-------------------------+-------+-------+-------++-------
Melee: Long sword        |    65 |     6 |       ||    71
       Unarmed           |     8 |       |       ||     8
       Short sword       |       |    43 |     1 ||    44
       Flail             |       |       |    93 ||    93
       Staff             |       |       |    15 ||    15
 Cast: Flame Tongue      |    50 |    35 |    17 ||   102
       Conjure Flame     |     1 |     2 |     6 ||     9
       Sticky Flame      |       |     6 |    22 ||    28
       Fireball          |       |       |     3 ||     3
Evoke: Wand              |     1 |       |    13 ||    14
  Use: Potion            |     2 |       |       ||     2
       Scroll            |       |     1 |     4 ||     5
